 Dungeon Crawl Stone Soup version 0.31-a0-640-g39d97e502b (webtiles) character file.

Game seed: 16492769400674631464

417 dialectric the Ruffian (level 6, 0/39 HPs)
             Began as an Octopode Shapeshifter on Aug 27, 2023.
             Was an Elder of Jiyva.
             Slain by a quasit (1 damage)
             ... summoned by Eustachio
             ... on level 4 of the Dungeon.
             The game lasted 00:02:47 (1834 turns).

dialectric the Ruffian (Octopode Shapeshifter)      Turns: 1834, Time: 00:02:47

Health: 0/39       AC:  1    Str: 15    XL:     6   Next: 92%
Magic:  15/15      EV: 14    Int: 11    God:    Jiyva [****..]
Gold:   47         SH:  0    Dex: 15    Spells: 5/5 levels left

rFire   . .          .
                       - Unarmed
rCold   . . .        (no shield)
rNeg    . . .        (helmet currently unavailable)
rPois   .            (no amulet)
rElec   .            i - ring of magical power
rCorr   +            (no ring)
SInv    .            (no ring)
Will    .....        (no ring)
Stlth   ++++         (no ring)
HPRegen 1.54/turn    (no ring)
MPRegen 0.54/turn    (no ring)
                     (no ring)

%: no passive effects
@: beast-form
A: beast (slay +2), almost no armour, amphibious, 8 rings, camouflage 1,
gelatinous body 1, (nimble swimmer 1), tentacles, agile 1, sense surroundings 3
a: Begin Untransformation, Renounce Religion, Oozemancy, Slimify


You were on level 4 of the Dungeon.
You worshipped Jiyva.
Jiyva was greatly pleased with you.
You were a hulking beast.
You visited 1 branch of the dungeon, and saw 4 of its levels.

You collected 47 gold pieces.

Inventory:

Hand Weapons
 j - a +2 dagger of draining
Armour
 f - a +0 buckler
Jewellery
 i - a ring of magical power (left tentacle)
Talismans
 b - a beast talisman (active)
 c - a flux talisman
Wands
 k - a wand of roots (12)
Scrolls
 e - a scroll of blinking {unknown}
 h - a scroll of enchant weapon {unknown}
 l - a scroll of noise {unknown}
 n - a scroll of identify {unknown}
Potions
 a - 3 potions of lignification
 d - a potion of degeneration {unknown}
 g - a potion of might {unknown}
 m - 2 potions of heal wounds {unknown}


   Skills:
 + Level 1.7 Fighting
 + Level 2.7 Dodging
 - Level 4.0 Stealth
 + Level 5.3 Unarmed Combat
 * Level 4.3 Shapeshifting


You had 5 spell levels left.
You didn't know any spells.
Your spell library contained the following spells:

 Spells                   Type           Power      Damage    Failure   Level
 Apportation              Tloc           0%         N/A       34%         1
 Alistair's Intoxication  Tmut/Pois      0%         N/A       100%        5


Dungeon Overview and Level Annotations

Branches:
Dungeon (4/15)
 Temple: D:4-7

Altars:
Jiyva

Annotations:
D:4 Eustachio


Innate Abilities, Weirdness & Mutations

You are a hulking beast.
Your limbs bulge with bestial killing power. (Slay +2)
You cannot wear most types of armour.
You are amphibious.
You can wear up to eight rings at the same time.
Your skin changes colour to match your surroundings (Stealth+).
Your rubbery body absorbs attacks. (AC +1, EV +1)
((You are camouflaged when in or above water. (Stealth+)))
You have tentacles for arms and can constrict up to eight enemies at once.
You are agile. (Dex +4, Str/Int -1)
You passively map a large area around you.


Message History

You tentacle-slap Eustachio. Your grab misses Eustachio.
Eustachio is lightly wounded.
You feel sick. Eustachio closely misses you.
You hear a distant slurping noise.
The quasit bites you but does no damage.
The quasit barely misses you. The quasit misses you.
You bludgeon Eustachio! You grab Eustachio.
You squeeze Eustachio, but do no damage.
Eustachio is moderately wounded.
You constrict Eustachio, but do no damage.
You feel sick. The crimson imp hits you. Eustachio barely misses you.
The quasit misses you. The quasit closely misses you.
The quasit claws you but does no damage.
The kobold shouts!
You tentacle-slap Eustachio.
Eustachio is moderately wounded.
You constrict Eustachio.
You feel sick.
You are no longer poisoned.
The crimson imp hits you. Eustachio hits you with a +0 rapier!
The quasit bites you. The quasit closely misses you.
The quasit completely misses you.
You tentacle-slap Eustachio but do no damage.
Eustachio is moderately wounded.
You constrict Eustachio. The quasit misses you. The quasit claws you.
The quasit barely misses you. The crimson imp hits you.
The kobold hits you with a +0 dagger. Eustachio hits you with a +0 rapier.
You bludgeon Eustachio!
Eustachio is heavily wounded.
You constrict Eustachio. The quasit bites you. The quasit barely misses you.
The quasit closely misses you. The iron imp misses you.
The crimson imp blinks!
Eustachio hits you with a +0 rapier!
* * * LOW HITPOINT WARNING * * *
The kobold hits you with a +0 dagger.
* * * LOW HITPOINT WARNING * * *
You bludgeon Eustachio!
Eustachio is almost dead.
You constrict Eustachio. The quasit bites you.
* * * LOW HITPOINT WARNING * * *
The quasit claws you.
You die...

, ,... #...##..# ####
....##...##..###..### , ,
....................# *
....................#,, *
...K................#
...................# *
,...................#
..##g5.###'####..## * ,
*#h§.###..###..###*
......@K5..#.....#....#
,.........5.#.....'....#
* ...........#..[..#....#
,...........############*
...........# * *
...........# ...........#
, **


You could see Eustachio, an iron imp (summoned), a quasit (summoned), a crimson
imp (summoned), a hobgoblin and 2 kobolds.

Vanquished Creatures
  Grinder (D:3)
  2 orc priests
  Jessica (D:3)
  Ijyb (D:3)
  Natasha (twice) (D:2)
  2 adders
  2 worms
  A dart slug (D:1)
  3 orcs
  An endoplasm (D:1)
  A giant cockroach (D:3)
  A goblin (D:1)
  3 hobgoblins
  3 jackals (D:1)
  3 quokkas
  3 ball pythons
  8 bats
  2 frilled lizards (D:3)
  5 kobolds
  3 rats
48 creatures vanquished.

Vanquished Creatures (others)
  A jelly (D:2)
  Natasha (D:2)
  A bat (D:2)
  4 endoplasms
  A giant cockroach (D:2)
  A goblin (D:2)
  2 hobgoblins (D:1)
  A jackal (D:1)
  2 ball pythons
14 creatures vanquished.

Grand Total: 62 creatures vanquished

Notes
Turn   | Place    | Note
-------+----------+-------------------------------------------
     0 | D:1      | dialectric the Octopode Shapeshifter began the quest for
                  | the Orb.
     0 | D:1      | Reached XP level 1. HP: 13/13 MP: 1/1
    59 | D:1      | Found a faded altar of an unknown god.
    74 | D:1      | Prayed at the altar of an unknown god.
    74 | D:1      | Became a worshipper of Jiyva Joshrot the Shapeless
    74 | D:1      | Reached * piety under Jiyva
   291 | D:1      | Reached XP level 2. HP: 18/18 MP: 2/2
   462 | D:1      | Reached ** piety under Jiyva
   780 | D:2      | Noticed Natasha
   787 | D:2      | Killed Natasha
   788 | D:2      | Reached XP level 3. HP: 11/23 MP: 3/3
   984 | D:2      | Reached *** piety under Jiyva
  1082 | D:2      | Noticed Natasha
  1098 | D:2      | Reached skill level 4 in Unarmed Combat
  1098 | D:2      | Reached XP level 4. HP: 15/28 MP: 4/4
  1104 | D:2      | Killed Natasha
  1105 | D:2      | Reached skill level 1 in Stealth
  1237 | D:2      | Killed Natasha
  1292 | D:3      | Gained mutation: You passively map a small area around you.
                  | [Jiyva's grace]
  1292 | D:3      | Gained mutation: You passively map the area around you.
                  | [Jiyva's grace]
  1292 | D:3      | Gained mutation: You passively map a large area around you.
                  | [Jiyva's grace]
  1292 | D:3      | Gained mutation: You are agile. (Dex +4, Str/Int -1)
                  | [Jiyva's grace]
  1352 | D:3      | Noticed Jessica
  1389 | D:2      | Reached XP level 5. HP: 27/33 MP: 5/5
  1432 | D:3      | Killed Jessica
  1483 | D:3      | Noticed Grinder
  1495 | D:3      | Killed Grinder
  1496 | D:3      | Reached skill level 5 in Unarmed Combat
  1496 | D:3      | Reached XP level 6. HP: 37/38 MP: 6/6
  1529 | D:3      | Noticed Ijyb
  1541 | D:3      | Killed Ijyb
  1824 | D:4      | Noticed Eustachio
  1825 | D:4      | Reached **** piety under Jiyva
  1834 | D:4      | HP: 1/39 [quasit[Eustachio] (2)]
  1834 | D:4      | Slain by a quasit

Illustrated notes

Levels and vault maps discovered:
D:1:      co_arrival_hexagon_in_a_hexagon, layout_basic,
          hellmonk_ecumenical_altar_run_dry
D:2:      layout_basic, minmay_quantized, uniq_natasha
D:3:      layout_rooms, uniq_grinder, uniq_ijyb, uniq_jessica
D:4:      layout_gridville, gammafunk_temple_overflow_elements, uniq_eustachio,
          uniq_crazy_yiuf_cottage

Skill      XL: |  1  2  3  4  5 |
---------------+----------------+-----
Unarmed Combat | 4 5 |  5.3
Stealth        | 2 4 |  4.0
Shapeshifting  | 4 |  4.3
Fighting       | |  1.7
Dodging        | |  2.7

Action                     |  1- 3 |  4- 6 || total
---------------------------+-------+-------++-------
  Melee: Unarmed           |    52 |    58 ||   110
         Constrict         |    10 |    13 ||    23
         Tentacles         |     8 |    13 ||    21
         Punch             |     1 |     1 ||     2
    Use: Scroll            |     1 |       ||     1
   Stab: Sleeping          |     6 |     3 ||     9
         Distracted        |       |     1 ||     1
 Armour: Skin              |     5 |     8 ||    13
  Dodge: Dodged            |    28 |    49 ||    77

Table legend: (Time is in decaauts)
 A = Elapsed time spent in this place.
 B = Non-inter-level travel time spent in this place.
 C = Inter-level travel time spent in this place.
 D = Time resting spent in this place.
 E = Time spent auto-exploring this place.
 F = Levels seen in this place.
 G = Mean time per level.
                   A        B        C        D        E       F      G
               +--------+--------+--------+--------+--------+-----+--------+
         Total |   1832 |   1776 |     56 |     11 |   1418 |   4 |  458.0 |
       Dungeon |   1832 |   1776 |     56 |     11 |   1418 |   4 |  458.0 |
               +--------+--------+--------+--------+--------+-----+--------+

Top non-repeatable levels by time:
     D:1: 723 daAuts
     D:2: 580 daAuts
     D:3: 479 daAuts
     D:4: 49 daAuts
